[Event "Late-Titled-Tuesday-Blitz-May-07-2024"]
[Site "Chess.com"]
[Date "2024.05.07"]
[Round "9"]
[White "scandalgod"]
[Black "Assumpcaos"]
[Result "1-0"]
[WhiteElo "2528"]
[BlackElo "2228"]
[TimeControl "180+1"]
[EndTime "15:45:57 PDT"]
[Termination "scandalgod won on time"]

1. d4 Nf6 2. c4 g6 3. Nc3 Bg7 4.
e4 d6 5. f4 O-O 6. Nf3 c5 7.
d5 e6 8. Be2 exd5 9. cxd5 Re8 10.
e5 dxe5 11. fxe5 Ng4 12. Bg5 Qb6 13. O-O c4+ 14. Kh1 Nf2+ 15. Rxf2 Qxf2 16. Ne4 Qb6 17. Qd2 Nd7 18. Nd6 Rxe5 19. Nxc4 Rxe2 20. Qxe2 Qc5 21. Rd1 Nf8 22. Be7 Qb5 23. Ng5 Bf5 24. Nxf7 Re8 25. Nfd6 Rxe7 26. Qxe7 Qa4 27. b3 Qxa2 28. Qf7+ Kh8 29.
Nxf5 gxf5 30. d6 Qxb3 31. Rf1 Qd3 32. Re1 h6 33. h3 Nd7 34. Qe8+ 1-0

[Event "Late-Titled-Tuesday-Blitz-May-07-2024"]
[Site "Chess.com"]
[Date "2024.05.07"]
[Round "9"]
[White "JG-17"]
[Black "SRob2003"]
[Result "1-0"]
[WhiteElo "2575"]
[BlackElo "2676"]
[TimeControl "180+1"]
[EndTime "15:46:00 PDT"]
[Termination "JG-17 won by resignation"]

1. e4 c5 2. Nf3 d6 3. g3 Nf6 4.
Bg2 g6 5. Nc3 Bg7 6. d4 cxd4 7.
Nxd4 O-O 8. O-O a6 9. a4 Qc7 10. h3 Nc6 11. Be3 Ne5 12. Nd5 Nxd5 13. exd5 Nc4 14. Bc1 Qb6 15. c3 Bxd4 16. Qxd4 Qxd4 17. cxd4 Bf5 18. b3 Na5 19. Ra3 Bc2 20. b4 Nb3 21.
Bg5 f6 22. Be3 b5 23. a5 Rfc8 24. Bf3 Rc3 25. Bd1 Bxd1 26. Rxd1 Nxd4 27. Rxc3 Ne2+ 28.
Kg2 Nxc3 29. Rd3 Na4 30. f4 Rc8 31. Kf3 Rc4 32. Rd4 Kf7 33. Rxc4 bxc4 34. b5 Nc3 35. b6 1-0

[Event "Late-Titled-Tuesday-Blitz-May-07-2024"]
[Site "Chess.com"]
[Date "2024.05.07"]
[Round "9"]
[White "schondeln"]
[Black "GWR2024"]
[Result "0-1"]
[WhiteElo "2334"]
[BlackElo "2185"]
[TimeControl "180+1"]
[EndTime "15:46:00 PDT"]
[Termination "GWR2024 won on time"]

1. e4 e5 2. Nf3 d5 3. exd5 e4 4. Qe2 Nf6 5. d3 Bb4+ 6. c3 O-O 7. dxe4 Bc5 8. Bg5 h6 9. Bxf6 Qxf6 10. Nbd2 Bg4 11. O-O-O Nd7 12. h3 Bh5 13. Nb3 Bd6 14. g4 Bg6 15. Nfd2 a5 16. Nd4 a4 17. a3 Nc5 18. Bg2 Rfe8 19. f3 Be5 20. Qe3 Bf4 21.
Qe2 Qd6 22. Bf1 Rad8 23. Qc4 c6 24. Kb1 b5 25. Qa2 cxd5 26. Ka1 Bxd2 27. Rxd2 dxe4 28. Bxb5 e3 29. Re2 Re7 30. Rhe1 Qb6 31. Qc4 Rxd4 32. cxd4 Nb3+ 33. Ka2 Nxd4 34. Qc5 Qxc5 0-1

[Event "Late-Titled-Tuesday-Blitz-May-07-2024"]
[Site "Chess.com"]
[Date "2024.05.07"]
[Round "9"]
[White "Byniolus"]
[Black "jefferyx"]
[Result "0-1"]
[WhiteElo "2832"]
[BlackElo "3098"]
[TimeControl "180+1"]
[EndTime "15:46:01 PDT"]
[Termination "jefferyx won on time"]

1. d4 Nf6 2. Nf3 d5 3. Bf4 c5 4. c3 e6 5. e3 Qb6 6. Qb3 Bd7 7. Nbd2 Bc6 8. Be2 Nbd7 9. h3 Be7 10. O-O O-O 11.
Ne5 Nxe5 12. Bxe5 Nd7 13. Bg3 Rfc8 14. Rfe1 Qd8 15. Nf3 c4 16. Qc2 b5 17. a3 a5 18.
Ne5 Nxe5 19. Bxe5 f6 20. Bg3 f5 21. Be5 b4 22. axb4 axb4 23. g4 b3 24. Qd2 Rxa1 25.
Rxa1 Ra8 26. Rb1 Qf8 27. Kh2 Ra2 28. f4 Be8 29. g5 Ba3 30. Kg3 Bxb2 31. Qe1 Qa3 32.
e4 fxe4 33. Bg4 Bd7 34. g6 hxg6 35. Qg1 Qa5 36. f5 exf5 37. Be2 g5 0-1

[Event "Late-Titled-Tuesday-Blitz-May-07-2024"]
[Site "Chess.com"]
[Date "2024.05.07"]
[Round "9"]
[White "LiemLe"]
[Black "Mischuk_D"]
[Result "1-0"]
[WhiteElo "3056"]
[BlackElo "2805"]
[TimeControl "180+1"]
[EndTime "15:46:01 PDT"]
[Termination "LiemLe won by resignation"]

1. Nf3 d5 2. e3 Nf6 3. c4 e6 4. Nc3 a6 5. b3 Bd6 6. Bb2 O-O 7.
Rc1 b6 8. cxd5 Nxd5 9. Nxd5 exd5 10. g3 Nd7 11. Bg2 Nf6 12. O-O h6 13. Ne5 Bb7 14.
Nc6 Qd7 15. Bxf6 Bxc6 16. Rxc6 Qxc6 17. Qg4 g6 18. Qh4 Ba3 19. Bxd5 Qd6 20. Bxa8 Rxa8 21. Bc3 h5 22. g4 Qe7 23. Bf6 Qc5 24. d4 Qd5 25.
gxh5 Qxh5 26. Qxh5 gxh5 27. Kg2 Bd6 28. f4 Kh7 29. e4 Rg8+ 30. Kf3 Bb4 31. Rc1 c5 32. d5 Bd2 33. Rd1 Ba5 34. d6 b5 35.
Rd5 Bd8 36. Rxh5+ Kg6 37. Rg5+ 1-0

[Event "Late-Titled-Tuesday-Blitz-May-07-2024"]
[Site "Chess.com"]
[Date "2024.05.07"]
[Round "9"]
[White "Mikhail_Golubev"]
[Black "Axf7"]
[Result "1-0"]
[WhiteElo "2613"]
[BlackElo "2080"]
[TimeControl "180+1"]
[EndTime "15:46:01 PDT"]
[Termination "Mikhail_Golubev won on time"]

1. e4 d6 2. d4 Nf6 3. Nc3 g6 4. g3 Bg7 5. Bg2 O-O 6. Nge2 e5 7. O-O Nc6 8. h3 exd4 9. Nxd4 Nxe4 10. Nxc6 Nxc3 11.
Nxd8 Nxd1 12. Nxb7 Nxb2 13. Bxb2 Bxb2 14. Rab1 Bxb7 15.
Bxb7 Bd4 16. Bxa8 Rxa8 17. Rfe1 Kf8 18. Kg2 h5 19. f4 Bb6 20. Kf3 d5 21. Re5 Rd8 22.
Rd1 c6 23. c4 Bc7 24. Re2 Bb6 25. Red2 d4 26. c5 Bxc5 27. Rc2 Rd5 28. Ke4 1-0

[Event "Late-Titled-Tuesday-Blitz-May-07-2024"]
[Site "Chess.com"]
[Date "2024.05.07"]
[Round "9"]
[White "MagnusCarlsen"]
[Black "OparinGrigoriy"]
[Result "1-0"]
[WhiteElo "3203"]
[BlackElo "2993"]
[TimeControl "180+1"]
[EndTime "15:46:04 PDT"]
[Termination "MagnusCarlsen won by resignation"]

1. e4 c6 2. Nf3 d5 3. d3 Qc7 4. h3 e5 5. d4 dxe4 6. Nxe5 Be6 7. Nc3 Nf6 8. Bc4 Bxc4 9. Nxc4 Bb4 10. O-O O-O 11. Ne2 Bd6 12. Re1 Nbd7 13. c3 Rfe8 14. a4 h6 15. Qb3 b6 16. Nxd6 Qxd6 17. Bf4 Qd5 18. c4 Qf5 19. Qe3 Qg6 20. a5 Nh5 21.
Bh2 f5 22. Nf4 Nxf4 23. Qxf4 Qf7 24. Qc7 Rec8 25. Qd6 b5 26. d5 cxd5 27. cxb5 Nc5 28.
Rec1 Nd3 29. Rxc8+ Rxc8 30. b6 axb6 31. axb6 Kh7 32.
Be5 f4 33. Ra7 Rc2 34. Kh2 Nxe5 35. Rxf7 Nxf7 36. Qxd5 1-0

[Event "Late-Titled-Tuesday-Blitz-May-07-2024"]
[Site "Chess.com"]
[Date "2024.05.07"]
[Round "9"]
[White "Meri-Arabidze"]
[Black "HaryKane"]
[Result "1-0"]
[WhiteElo "2729"]
[BlackElo "2546"]
[TimeControl "180+1"]
[EndTime "15:46:04 PDT"]
[Termination "Meri-Arabidze won by resignation"]

1. Nf3 e6 2. c4 f5 3. g3 Nf6 4. Bg2 d6 5. O-O e5 6. d3 Be7 7. b4 O-O 8. Bb2 Qe8 9. Nc3 f4 10. Qb3 Kh8 11. Nd5 Bd8 12. Rac1 Qh5 13. c5 fxg3 14.
fxg3 Bh3 15. cxd6 cxd6 16. Nxf6 Rxf6 17. Bxh3 Qxh3 18. Ng5 Rxf1+ 19. Rxf1 Qxf1+ 20. Kxf1 Bxg5 21. Qf7 Nc6 22. Qxb7 Rf8+ 23. Kg2 Nd8 24. Qxa7 h5 25. h4 Bh6 26. a4 Nc6 27. Qb7 Nd4 28. Bxd4 exd4 29.
Qd5 Re8 30. Qxd4 Rxe2+ 31. Kf3 Ra2 32. a5 1-0

[Event "Late-Titled-Tuesday-Blitz-May-07-2024"]
[Site "Chess.com"]
[Date "2024.05.07"]
[Round "9"]
[White "FredddieCroderg"]
[Black "MiguelBestard1981"]
[Result "1-0"]
[WhiteElo "2392"]
[BlackElo "2188"]
[TimeControl "180+1"]
[EndTime "15:46:04 PDT"]
[Termination "FredddieCroderg won on time"]

1. e4 e5 2. Qf3 Nf6 3. Bc4 Bc5 4. c3 O-O 5. h3 d5 6. exd5 e4 7. Qg3 Bd6 8. Qh4 Nbd7 9. d4 exd3 10. Bxd3 Ne5 11. Bc2 Re8 12. Ne2 Ng6 13. Qd4 Be5 14. Qd1 Nxd5 15. O-O Be6 16. Nd4 Bxh3 17. gxh3 Qh4 18.
Qf3 Ndf4 19. Bf5 Bxd4 20. cxd4 Ne2+ 21. Kh2 Nxd4 22. Qg4 Nxf5 23. Qxf5 Re5 24. Qg4 Rae8 25. Qxh4 Nxh4 26. Nc3 Nf3+ 27. Kg3 Rf5 28. Bf4 g5 29.
Kxf3 Rxf4+ 30. Kg3 Re6 31. Rae1 Rh6 32. Re4 Rff6 33.
Nd5 Rd6 34. Ne7+ Kf8 35. Nf5 Rde6 36. Rfe1 1-0

[Event "Late-Titled-Tuesday-Blitz-May-07-2024"]
[Site "Chess.com"]
[Date "2024.05.07"]
[Round "9"]
[White "NovakRatko"]
[Black "rdarruda"]
[Result "0-1"]
[WhiteElo "2405"]
[BlackElo "2558"]
[TimeControl "180+1"]
[EndTime "15:46:06 PDT"]
[Termination "rdarruda won by resignation"]

1. d4 Nf6 2. c4 e5 3. dxe5 Ne4 4. Nf3 Nc6 5. a3 d6 6. Qc2 d5 7. cxd5 Qxd5 8. e3 Be6 9. Be2 Nxe5 10. Nxe5 Qxe5 11.
f4 Qa5+ 12. b4 Qd5 13. O-O O-O-O 14. Rd1 Qc6 15. Rxd8+ Kxd8 16. Qxc6 bxc6 17. Nd2 Nc3 18. Bf3 c5 19. bxc5 Bxc5 20. Ne4 Nxe4 21. Bxe4 Ke7 22.
Kf2 Rd8 23. Kf3 f5 24. Bc2 Bd5+ 25. Kf2 Be4 26. Bxe4 fxe4 27. Ke2 Rd3 28. a4 Rc3 29. Rb1 Rc2+ 30. Bd2 Ra2 31. Rb5 Kd6 32. a5 a6 33. Rb6+ cxb6 0-1

[Event "Late-Titled-Tuesday-Blitz-May-07-2024"]
[Site "Chess.com"]
[Date "2024.05.07"]
[Round "9"]
[White "youngdinousaur"]
[Black "Walter_White_Poland"]
[Result "1-0"]
[WhiteElo "2329"]
[BlackElo "2408"]
[TimeControl "180+1"]
[EndTime "15:46:07 PDT"]
[Termination "youngdinousaur won on time"]

1. d4 d5 2. Nf3 Nf6 3. Bf4 c5 4.
e3 Nc6 5. c3 Qb6 6. Qc2 g6 7.
Nbd2 Bf5 8. dxc5 Qxc5 9. Qb3 O-O-O 10. Ne5 Nh5 11. Nxf7 Nxf4 12. exf4 e5 13. Nxd8 Nxd8 14.
fxe5 Bh6 15. Nf3 Be4 16. Be2 Ne6 17. Qb4 Qxb4 18. cxb4 Nf4 19. g3 Nxe2 20. Kxe2 Kd7 21. Rhe1 Rc8 22. Nd4 Rc4 23. Nb3 Rc2+ 24. Kf1 Rxb2 25.
Nc5+ Ke7 26. Nxe4 dxe4 27. Rxe4 Bd2 28. f4 Bxb4 29. a4 Bc5 30. Re2 Rb3 31. Rc2 b6 32.
a5 h5 33. axb6 axb6 34. Ra8 h4 35. Kg2 hxg3 36. hxg3 Ke6 37. Kh3 Kf5 38. Ra7 g5 39.
Rf7+ Kg6 40. Rf6+ Kg7 41. Kg4 1-0

[Event "Late-Titled-Tuesday-Blitz-May-07-2024"]
[Site "Chess.com"]
[Date "2024.05.07"]
[Round "9"]
[White "Naoki"]
[Black "Yaacovn"]
[Result "0-1"]
[WhiteElo "2603"]
[BlackElo "2849"]
[TimeControl "180+1"]
[EndTime "15:46:08 PDT"]
[Termination "Yaacovn won by resignation"]

1. d4 Nf6 2. Nc3 d5 3. Bf4 c6 4. e3 Qb6 5. Rb1 Bf5 6. f3 h5 7. Bd3 Bxd3 8. cxd3 Nbd7 9. Nge2 h4 10. e4 e6 11. O-O Be7 12. Kh1 a5 13. a3 Nh5 14.
Be3 Nf8 15. b4 axb4 16. axb4 Qd8 17. b5 Ng6 18. bxc6 bxc6 19. f4 f5 20. Kg1 Nf6 21.
h3 Kf7 22. Rb7 Qa5 23. Qb3 Qa6 24. Rd1 Rhc8 25. Kh2 Ne8 26. Ng1 Nd6 27. Rb6 Qa3 28. e5 Nb5 29. Qxa3 Nxa3 30. Nf3 Nc2 31. Bf2 Rc7 32.
Rb2 Na3 33. Ra1 Rca7 34. Rba2 Nb5 35. Rxa7 Rxa7 36. Rxa7 Nxa7 37. Kg1 Nb5 38. Ne2 Na3 39. Kf1 Nc2 40. Neg1 Nxf4 41. Bxh4 Bxh4 42. Nxh4 Nxd4 43.
Nhf3 Nxf3 44. Nxf3 Nxd3 45. Ke2 Nf4+ 46. Kf2 c5 47. g3 Nd3+ 48. Ke3 Nb4 49. Ng5+ Ke7 50.
h4 Nc6 51. Nf3 c4 52. Kf4 d4 53. h5 c3 54. Ne1 Nb4 0-1

[Event "Late-Titled-Tuesday-Blitz-May-07-2024"]
[Site "Chess.com"]
[Date "2024.05.07"]
[Round "9"]
[White "Vincefm"]
[Black "ChessSwole"]
[Result "0-1"]
[WhiteElo "2494"]
[BlackElo "2620"]
[TimeControl "180+1"]
[EndTime "15:46:08 PDT"]
[Termination "ChessSwole won on time"]

1. e4 c5 2. Nf3 e6 3. d4 cxd4 4. Nxd4 Nc6 5. Nc3 Qc7 6. g3 a6 7. Bg2 Nf6 8. Nb3 b5 9. O-O Bb7 10. Be3 Ne5 11. Qe2 d6 12. f4 Nc4 13. Bc1 Be7 14.
Kh1 h5 15. h3 b4 16. Nd1 a5 17. c3 Rc8 18. cxb4 axb4 19. Ne3 Nxe4 20. Kh2 h4 21.
Nxc4 hxg3+ 22. Kg1 Nf2 23. Ne3 Nxh3+ 24. Bxh3 Rxh3 25.
Ng2 Rh2 26. Rf3 Bh4 27. Be3 Qc6 28. Raf1 Ba6 29. Qe1 Bxf1 30. Qxf1 Qd5 31. Nd4 Kf8 32.
Ne2 Rc2 0-1

[Event "Late-Titled-Tuesday-Blitz-May-07-2024"]
[Site "Chess.com"]
[Date "2024.05.07"]
[Round "9"]
[White "Alexei_Gubajdullin"]
[Black "Tibmat"]
[Result "1-0"]
[WhiteElo "2563"]
[BlackElo "2667"]
[TimeControl "180+1"]
[EndTime "15:46:09 PDT"]
[Termination "Alexei_Gubajdullin won by checkmate"]

1. Nf3 Nf6 2. g3 d5 3. Bg2 e6 4.
O-O c5 5. b3 Nc6 6. e3 Bd6 7.
Bb2 O-O 8. c4 b6 9. Nc3 dxc4 10.
bxc4 Bb7 11. Qe2 Rc8 12. d3 Ne5 13. Nxe5 Bxg2 14. Kxg2 Bxe5 15. f4 Bd6 16. g4 Qc7 17. g5 Nd7 18. Ne4 Be7 19. Rf3 f5 20. gxf6 Nxf6 21.
Ng5 Qc6 22. e4 h6 23. Nh3 Nd7 24. Rg3 Bf6 25. Rg1 Rf7 26. Kh1 b5 27. Qg2 Rc7 28. e5 Qxg2+ 29. R1xg2 Be7 30. cxb5 Rb7 31. a4 Nb6 32. f5 Nxa4 33. Bc1 exf5 34. e6 Rf8 35. Rxg7+ Kh8 36. R7g6 Rf6 37. Rg8+ Kh7 38. R2g7# 1-0

[Event "Late-Titled-Tuesday-Blitz-May-07-2024"]
[Site "Chess.com"]
[Date "2024.05.07"]
[Round "9"]
[White "Supelyel"]
[Black "Stanbad1"]
[Result "0-1"]
[WhiteElo "2430"]
[BlackElo "2620"]
[TimeControl "180+1"]
[EndTime "15:46:12 PDT"]
[Termination "Stanbad1 won by resignation"]

1. c4 Nf6 2. Nf3 g6 3. g3 Bg7 4. Bg2 O-O 5. O-O d6 6. Nc3 c5 7. d3 Nc6 8. Bg5 a6 9. Rb1 Bd7 10. a3 Rb8 11. b4 cxb4 12. axb4 b5 13. cxb5 axb5 14. Bxf6 Bxf6 15. d4 Bg4 16. e3 e5 17.
d5 Ne7 18. Qd3 Bg7 19. Nd2 Bd7 20. e4 f5 21. f3 h5 22. Nb3 f4 23. Na5 fxg3 24.
hxg3 g5 25. Kh2 h4 26. Bh3 Bxh3 27. Kxh3 hxg3 28. Kxg3 Ng6 29. Nc6 Qf6 30. Nxb8 Qf4+ 31. Kf2 Rxb8 32. Ke2 Ra8 33. Qe3 Qh2+ 34. Rf2 Nf4+ 35.
Kd2 Qh3 36. Nxb5 Ra2+ 37. Kc3 Rxf2 38. Qxf2 g4 39. Rg1 gxf3 40. Rg3 Ne2+ 41. Qxe2 fxe2 42. Rxh3 e1=Q+ 43. Kc4 Qf1+ 44. Rd3 Qe2 45. Nc3 Qe1 46. b5 Qg1 47. Kb3 Qc5 48. Rd1 Bh6 49. Rd3 Be3 50. Kc2 Bd4 51. Kb3 Bxc3 52. Rxc3 Qxb5+ 53. Kc2 Qe2+ 54. Kb3 Qxe4 0-1

[Event "Late-Titled-Tuesday-Blitz-May-07-2024"]
[Site "Chess.com"]
[Date "2024.05.07"]
[Round "9"]
[White "BabageldiAnnaberdiyev"]
[Black "maracayo"]
[Result "1-0"]
[WhiteElo "2568"]
[BlackElo "2385"]
[TimeControl "180+1"]
[EndTime "15:46:16 PDT"]
[Termination "BabageldiAnnaberdiyev won by resignation"]

1. e4 d6 2. d4 Nf6 3. Nc3 c6 4. a4 Qa5 5. Bd2 e5 6. Nf3 Nbd7 7. Bd3 Qc7 8. O-O Be7 9. Bc4 O-O 10. Bg5 Re8 11.
Re1 b6 12. d5 Bb7 13. dxc6 Bxc6 14. Qe2 Rac8 15. Bb5 h6 16. Bxf6 Nxf6 17. Red1 Bf8 18.
Nd2 Red8 19. Nf1 Bb7 20. Ba6 Bxa6 21. Qxa6 Qc4 22. Qxc4 Rxc4 23. Ne3 Rxc3 24. bxc3 Nxe4 25. Nd5 Rc8 26. a5 b5 27. Ra3 f5 28. f3 Nc5 29.
a6 Kf7 30. Rb1 Ke6 31. Ne3 f4 32. Nd1 Rb8 33. Ra5 Rb6 34. Rbxb5 Rxa6 35. Rxc5 Rb6 36. Rcb5 Rc6 37. Rxa7 d5 38. Rab7 Bc5+ 39. Kf1 e4 40.
Ke2 Ke5 41. Rxg7 Kd6 42. Rg6+ 1-0

[Event "Late-Titled-Tuesday-Blitz-May-07-2024"]
[Site "Chess.com"]
[Date "2024.05.07"]
[Round "9"]
[White "EliteChess0967"]
[Black "kingofthenil"]
[Result "0-1"]
[WhiteElo "2424"]
[BlackElo "2829"]
[TimeControl "180+1"]
[EndTime "15:46:20 PDT"]
[Termination "kingofthenil won by resignation"]

1. Nf3 d6 2. d4 Bf5 3. c4 e6 4. Nc3 Nf6 5. h3 h6 6. g3 d5 7. Bg2 c6 8. O-O Nbd7 9. b3 Bb4 10. Bb2 O-O 11. Nd2 Qa5 12. Qc1 Rfd8 13. e4 dxe4 14. Ndxe4 Nxe4 15. Nxe4 Be7 16. Rd1 Nf6 17. Nxf6+ Bxf6 18. Bc3 Qc7 19. Qb2 Rd7 20. Rd2 Rad8 21. Rad1 h5 22. Qa3 c5 23. dxc5 Bxc3 24. Rxd7 Rxd7 25. Rxd7 Qxd7 26. Qxa7 Qd1+ 27. Kh2 Bd4 28. Qb8+ Kh7 29. Qd6 Qd2 30. Qf4 Qxf4 31. gxf4 Bxc5 32. Bxb7 Bb1 33. a4 Bc2 34. b4 Bxb4 35. Bc6 Bb3 36. Bb5 h4 37. Kg2 Bd1 38. Bc6 Kg6 39. Be8 Kf6 40. f3 Kf5 41. Bxf7 Kxf4 42. Bxe6 Bxf3+ 43. Kh2 Ke3 44. Bd7 Kf2 0-1

[Event "Late-Titled-Tuesday-Blitz-May-07-2024"]
[Site "Chess.com"]
[Date "2024.05.07"]
[Round "9"]
[White "Balla_Tamas"]
[Black "Iuckyducky"]
[Result "1/2-1/2"]
[WhiteElo "2523"]
[BlackElo "2283"]
[TimeControl "180+1"]
[EndTime "15:46:26 PDT"]
[Termination "Game drawn by repetition"]

1. e4 c5 2. c3 d5 3. exd5 Qxd5 4. d4 e5 5. Be3 cxd4 6. cxd4 Bb4+ 7. Nc3 Nc6 8. Nf3 exd4 9. Nxd4 Nge7 10. Be2 Qxg2 11.
Bf3 Qg6 12. Nxc6 bxc6 13. Qb3 Bxc3+ 14. Qxc3 O-O 15. O-O-O f6 16. Rhg1 Qf7 17. Bh6 Ng6 18. Bxc6 Bb7 19. Rd7 Qxa2 20. Rxg7+ Kh8 21. Bxb7 Qa1+ 22.
Kc2 Qxg1 23. Bxa8 Qxf2+ 24. Kb1 Qf1+ 25. Qc1 Qf5+ 26. Ka2 Qa5+ 27. Kb3 Qb5+ 28. Ka2 Qa5+ 29. Kb1 Qf5+ 30. Qc2 Qf1+ 31. Ka2 Qa6+ 32. Kb1 Qf1+ 33. Qc1 Qf5+ 1/2-1/2

[Event "Late-Titled-Tuesday-Blitz-May-07-2024"]
[Site "Chess.com"]
[Date "2024.05.07"]
[Round "9"]
[White "ChristopherYoo"]
[Black "GMG"]
[Result "1-0"]
[WhiteElo "2992"]
[BlackElo "2820"]
[TimeControl "180+1"]
[EndTime "15:46:29 PDT"]
[Termination "ChristopherYoo won on time"]

1. e4 c5 2. Nf3 Nc6 3. Bb5 e6 4. O-O Nge7 5. Re1 Ng6 6. c3 d5 7. exd5 Qxd5 8. c4 Qd3 9. Nc3 Bd7 10. Ne4 Nb4 11. Re3 Qc2 12. Bxd7+ Kxd7 13. Qf1 Rd8 14. Nfg5 Ke8 15. Nxf7 Kxf7 16. Ng5+ Kg8 17. Nxe6 Rd3 18. Nxf8 Nxf8 19. Re8 Qxc4 20. b3 Qd4 21. Qe2 Qd6 22. Bb2 h5 23. Re7 Rh7 24. Bc3 Nc6 25.
Rxb7 Ne6 26. Qe4 Rh6 27. Qf5 Ncd8 28. Rxa7 Rd5 29. Qe4 Qf4 30. Qxd5 1-0

[Event "Late-Titled-Tuesday-Blitz-May-07-2024"]
[Site "Chess.com"]
[Date "2024.05.07"]
[Round "9"]
[White "Gareth-Bale11"]
[Black "Adar_07"]
[Result "1-0"]
[WhiteElo "2896"]
[BlackElo "2737"]
[TimeControl "180+1"]
[EndTime "15:46:29 PDT"]
[Termination "Gareth-Bale11 won by checkmate"]

1. e4 c6 2. d4 d5 3. exd5 cxd5 4.
Bd3 Nf6 5. h3 Nc6 6. Nf3 g6 7.
c3 Bf5 8. Ne5 Bxd3 9. Nxd3 Bg7 10.
O-O O-O 11. Re1 b5 12. a4 a6 13. Bf4 e6 14. Nd2 Qb6 15. axb5 axb5 16. b4 Nh5 17. Bh2 Bh6 18. Nb3 Ng7 19. Nbc5 Rfc8 20. Nd7 Qd8 21. N3c5 Nf5 22. Qf3 Bg7 23. Qd3 Rxa1 24. Rxa1 Ra8 25. Rxa8 Qxa8 26. Bf4 Na7 27. Qf1 h6 28. Qa1 g5 29. Bb8 e5 30. Bxe5 Bxe5 31. dxe5 d4 32. cxd4 Nh4 33. d5 Kg7 34. Nf6 Qb8 35. Nfd7 Qa8 36. e6+ Kg6 37. Qf6+ Kh5 38. g4# 1-0

[Event "Late-Titled-Tuesday-Blitz-May-07-2024"]
[Site "Chess.com"]
[Date "2024.05.07"]
[Round "9"]
[White "crescentmoon2411"]
[Black "TanitoluwaAps116"]
[Result "0-1"]
[WhiteElo "2868"]
[BlackElo "2756"]
[TimeControl "180+1"]
[EndTime "15:46:29 PDT"]
[Termination "TanitoluwaAps116 won on time"]

1. d4 Nf6 2. c4 e6 3. Nc3 Bb4 4. Bd2 O-O 5. a3 Bxc3 6. Bxc3 d5 7. e3 b6 8. Nf3 Ba6 9. b3 dxc4 10.
bxc4 Nbd7 11. Bd3 c5 12. d5 exd5 13. cxd5 Bb7 14. e4 Nxe4 15. Bxe4 Re8 16. O-O Rxe4 17.
Qd3 Qe7 18. Rfe1 Re8 19. h4 h6 20. Qb5 Qd6 21. Rxe4 Rxe4 22. Nd2 Rxh4 23. Nf1 Qxd5 24.
f3 Bc6 25. Qb2 Qg5 26. Qf2 Rc4 27. Bb2 Ne5 28. Bxe5 Qxe5 29. Re1 Qd4 30. Ne3 Rc3 31. Kh2 Qf4+ 32. Kg1 Qd4 33. Kh2 Rxa3 34. Qe2 Qe5+ 0-1

[Event "Late-Titled-Tuesday-Blitz-May-07-2024"]
[Site "Chess.com"]
[Date "2024.05.07"]
[Round "9"]
[White "oskariot"]
[Black "jcibarra"]
[Result "1-0"]
[WhiteElo "2778"]
[BlackElo "2908"]
[TimeControl "180+1"]
[EndTime "15:46:31 PDT"]
[Termination "oskariot won by checkmate"]

1. Nf3 d6 2. g3 e5 3. Bg2 f5 4. O-O Nf6 5. d4 e4 6. Ng5 Be7 7. c4 c6 8. d5 O-O 9. Nc3 Na6 10. Be3 Ng4 11. Ne6 Bxe6 12. dxe6 Nxe3 13. fxe3 Bg5 14.
Kh1 Qe7 15. g4 g6 16. gxf5 gxf5 17. Bh3 Qxe6 18. Rg1 h6 19. Qd2 Kh7 20. Raf1 Rf6 21.
Qd4 Raf8 22. Qxa7 Nc5 23. b4 Qxc4 24. bxc5 Qxc3 25. cxd6 Bxe3 26. Qxb7+ R6f7 27. d7 Bxg1 28. d8=Q Qxh3 29. Rxg1 Qe3 30. Qxf7+ Rxf7 31. Qg8# 1-0

[Event "Late-Titled-Tuesday-Blitz-May-07-2024"]
[Site "Chess.com"]
[Date "2024.05.07"]
[Round "9"]
[White "Licancabur"]
[Black "nindjaxx8"]
[Result "0-1"]
[WhiteElo "2487"]
[BlackElo "2631"]
[TimeControl "180+1"]
[EndTime "15:46:33 PDT"]
[Termination "nindjaxx8 won on time"]

1. d4 d5 2. Bg5 Nf6 3. e3 h6 4. Bh4 e6 5. Nd2 Be7 6. Bd3 O-O 7. f4 b6 8. Ngf3 Bb7 9. c3 Ne4 10. Bxe7 Qxe7 11. O-O Nd7 12. Ne5 Nxe5 13. fxe5 f5 14. exf6 Rxf6 15. Bxe4 dxe4 16. Rxf6 Qxf6 17. Qg4 Qf5 18.
Qg3 Ba6 19. c4 Rf8 20. Rf1 Qa5 21. Rxf8+ Kxf8 22. Qf2+ Kg8 23. a3 Qa4 24. Qe2 Qc2 25.
b3 b5 26. cxb5 Bxb5 27. Qxb5 Qxd2 28. Qe8+ Kh7 29. h3 Qxe3+ 30. Kh2 Qf4+ 31. Kh1 Qf5 32. Qd7 e3 0-1

[Event "Late-Titled-Tuesday-Blitz-May-07-2024"]
[Site "Chess.com"]
[Date "2024.05.07"]
[Round "9"]
[White "KuzubovYuriy"]
[Black "chenxiaoyuer"]
[Result "0-1"]
[WhiteElo "2939"]
[BlackElo "2806"]
[TimeControl "180+1"]
[EndTime "15:46:35 PDT"]
[Termination "chenxiaoyuer won by resignation"]

1. d4 Nf6 2. c4 g6 3. Nc3 Bg7 4. e4 d6 5. Nge2 O-O 6. Ng3 c5 7. d5 e6 8. Bd3 exd5 9. cxd5 Na6 10. O-O Nc7 11. Bg5 Qe8 12. Qd2 b5 13. Qf4 Qe7 14. Bxb5 Rb8 15. Bd3 Rxb2 16. Rab1 Rxb1 17. Rxb1 h6 18.
Bxh6 Bxh6 19. Qxh6 Ng4 20. Qf4 Ne5 21. Bf1 Ba6 22.
Qd2 Bxf1 23. Nxf1 f5 24. f4 Ng4 25. h3 Nf6 26. exf5 gxf5 27. Ng3 Qh7 28. Rb7 Rf7 29. Qd3 Nh5 30. Rb8+ Kg7 31. Nxh5+ Qxh5 32. Qg3+ Kf6 33. Qg8 Qh4 34. Qd8+ Re7 35. Qxd6+ Kf7 36. Kh2 Ne8 37.
Rxe8 Kxe8 38. Nb5 Re3 39. Nc7+ Kf7 40. Qd7+ Kg6 41. Qd6+ Kh5 42. Qf6 Qg3+ 0-1

[Event "Late-Titled-Tuesday-Blitz-May-07-2024"]
[Site "Chess.com"]
[Date "2024.05.07"]
[Round "9"]
[White "katharinareinecke"]
[Black "HipsterChess22"]
[Result "1-0"]
[WhiteElo "1937"]
[BlackElo "2199"]
[TimeControl "180+1"]
[EndTime "15:46:36 PDT"]
[Termination "katharinareinecke won on time"]

1. e4 c6 2. Nf3 d5 3. d3 e6 4.
Qe2 Nf6 5. g3 Be7 6. Bg2 O-O 7.
O-O d4 8. Ne1 c5 9. f4 Nc6 10.
Nf3 Re8 11. Nbd2 Qc7 12. Nc4 b5 13. Nce5 Bb7 14. Bd2 Nd7 15. Nxc6 Bxc6 16. Ng5 h6 17. Nh3 Nf6 18. f5 exf5 19. Rxf5 Bd7 20. Rf2 Bxh3 21.
Bxh3 Nd7 22. Raf1 Ne5 23. Bf4 Bd6 24. Qh5 Re7 25. Bg2 Ng6 26. Bxd6 Qxd6 27. e5 Qd8 28. Bxa8 Qxa8 29. e6 Rxe6 30. Rxf7 Qe8 31. Qxc5 Re2 32. Qd5 Qe6 33. Qxe6 Rxe6 34. Rxa7 Ne5 35. Rb7 1-0

[Event "Late-Titled-Tuesday-Blitz-May-07-2024"]
[Site "Chess.com"]
[Date "2024.05.07"]
[Round "9"]
[White "Smiechu"]
[Black "Goryachkina"]
[Result "1/2-1/2"]
[WhiteElo "2473"]
[BlackElo "2693"]
[TimeControl "180+1"]
[EndTime "15:46:37 PDT"]
[Termination "Game drawn by repetition"]

1. e4 c5 2. Nf3 e6 3. d4 cxd4 4.
Nxd4 Nc6 5. Nc3 Bc5 6. Nb3 Bb4 7.
Bd2 Nge7 8. Bd3 O-O 9. O-O d6 10. a3 Bxc3 11. Bxc3 e5 12. f4 exf4 13. Rxf4 Ng6 14.
Rf1 Qb6+ 15. Kh1 Be6 16. Be2 Rad8 17. Nd4 Nxd4 18. Bxd4 Qc7 19. c3 b6 20. Bg4 Bxg4 21. Qxg4 Rfe8 22. Rae1 Re6 23. Rf5 Rde8 24. h4 Qc6 25. h5 Ne5 26. Bxe5 Rxe5 27. h6 g6 28. Ref1 Rxe4 29. Qg5 Qc4 30. Qf6 Rh4+ 31. Kg1 Rxh6 32.
Qxf7+ Qxf7 33. Rxf7 a5 34. Rd7 Rh5 35. Rff7 Re1+ 36.
Kf2 Rb1 37. Rg7+ Kf8 38. Rgf7+ Kg8 39. Rg7+ Kf8 40. Rgf7+ Kg8 1/2-1/2